 Dungeon Crawl Stone Soup version 0.21.1-1-g345015fe64 (webtiles) character file.

11207 Gargoyl the Cleaver (level 11, -2/91 HPs)
             Began as a Centaur Abyssal Knight on June 15, 2018.
             Was the Champion of Lugonu.
             Killed from afar by Harold (34 damage)
             ... with a bolt of fire
             ... on level 10 of the Dungeon.
             The game lasted 00:22:43 (13281 turns).

Gargoyl the Cleaver (Centaur Abyssal Knight)       Turns: 13281, Time: 00:22:43

Health: -2/91      AC: 26    Str: 23    XL:     11   Next: 46%
Magic:  17/17      EV:  3    Int: 11    God:    Lugonu [******]
Gold:   209        SH:  4    Dex: 11    Spells: 10/10 levels left

rFire    . . .     SeeInvis .   y - +3 hand axe (flame)
rCold    . . .     Gourm    .   b - +0 buckler
rNeg     . . .     Faith    .   M - +0 plate armour (curse)
rPois    .         Spirit   .   q - +2 helmet
rElec    .         Reflect  .   P - +0 cloak (curse)
rCorr    .         Harm     .   l - +0 pair of gloves
MR       .....                  g - +3 centaur barding
Stlth    ..........             i - amulet of rage
HPRegen  0.25/turn              d - +5 ring of strength
MPRegen  0.15/turn              E - +2 ring of strength

@: very quick
A: large, hooves 3, deformed body, speed 2, tough skin 3
a: Depart the Abyss, Bend Space, Banish, Corrupt, Enter the Abyss, Brand Weapon
With Distortion, Renounce Religion, Evoke Berserk Rage


You were on level 10 of the Dungeon.
You worshipped Lugonu.
Lugonu was exalted by your worship.
You were not hungry.

You visited 1 branch of the dungeon, and saw 10 of its levels.
You visited the Abyss 1 time.
You also visited: Ossuary.

You collected 465 gold pieces.
You spent 256 gold pieces at shops.

Inventory:

Hand Weapons
 a - a +1 hand axe
 s - a +3 vampiric hand axe
 y - a +3 hand axe of flaming (weapon)
Missiles
 f - 17 tomahawks (quivered)
Armour
 b - a +0 buckler (worn)
 g - a +3 centaur barding (worn)
 l - a +0 pair of gloves (worn)
 q - a +2 helmet (worn)
 M - a cursed +0 plate armour (worn)
 P - a cursed +0 cloak (worn)
Jewellery
 d - a +5 ring of strength (left hand)
 i - an amulet of rage (around neck)
 z - an uncursed ring of positive energy
 E - a +2 ring of strength (right hand)
Wands
 n - a wand of acid (8)
 o - a wand of paralysis (14)
 p - a wand of digging (30)
 u - a wand of iceblast (27)
 w - a wand of polymorph (10)
 x - a wand of scattershot (5)
 N - a wand of random effects (35)
Scrolls
 j - 6 scrolls of teleportation
 r - 2 scrolls of blinking
 D - 8 scrolls of remove curse
 F - a scroll of magic mapping
 H - 2 scrolls of amnesia
 I - 2 scrolls of fog
 O - a scroll of enchant weapon
Potions
 e - a potion of invisibility
 h - a potion of berserk rage {unknown}
 k - a potion of magic {unknown}
 m - a potion of heal wounds
 t - 4 potions of haste
 A - a potion of agility
 B - 8 potions of curing
 C - 5 potions of degeneration
 J - 2 potions of resistance
 K - a potion of ambrosia
Books
 v - a book of Misfortune

   Spells                             Type                      Level
   a - Confusing Touch                Hexes                        1
   b - Confuse                        Hexes                        3
   c - Gell's Gravitas                Translocation                3
   d - Petrify                        Transmutation/Earth          4
   e - Metabolic Englaciation         Hexes/Ice                    5
   f - Yara's Violent Unravelling     Hexes/Transmutation          5
 G - a book of Cantrips

   Spells                             Type                      Level
   a - Confusing Touch                Hexes                        1
   b - Animate Skeleton               Necromancy                   1
   c - Summon Small Mammal            Summoning                    1
   d - Apportation                    Translocation                1
 L - a book of Necromancy

   Spells                             Type                      Level
   a - Pain                           Necromancy                   1
   b - Animate Skeleton               Necromancy                   1
   c - Vampiric Draining              Necromancy                   3
   d - Regeneration                   Charms/Necromancy            3
   e - Animate Dead                   Necromancy                   4
   f - Borgnjor's Vile Clutch         Necromancy/Earth             5
Comestibles
 c - 20 rations
 Q - a chunk of flesh


   Skills:
 + Level 6.7 Fighting
 + Level 10.0 Axes
 + Level 2.0 Throwing
 * Level 7.9 Armour
 + Level 2.4 Dodging
 + Level 2.7 Shields
 * Level 8.4 Invocations


You had 10 spell levels left.
You didn't know any spells.

Dungeon Overview and Level Annotations

Branches:
Dungeon (10/15)            Temple (0/1) D:6
   Lair: D:8-11         Orc: D:9-12

Altars:
Cheibriados
Kikubaaqudgha
Okawaru
Wu Jian
Xom
Yredelemnul
The Shining One

Shops:
D:7 *   D:9 *   D:10 =

Portals:
Trove: D:10 (give 23 scrolls of identify)

Annotations:
D:7 1 runed door
D:10 Harold


Innate Abilities, Weirdness & Mutations

You have hooves in place of feet.
Armour fits poorly on your strangely shaped body.
You cover ground very quickly.
You have extremely tough skin. (AC +3)


Message History

The troll claws you but does no damage. x2
Unknown command.
You barely miss the troll. You kick the troll.
The troll is moderately wounded.
Your plate armour prevents you from hitting Harold.
You block Harold's attack. The troll bites you!
The troll claws you but does no damage. The troll claws you.
You completely miss the troll. You kick the troll!
The troll is heavily wounded.
You closely miss Harold. Harold casts a spell at you.
The bolt of fire hits you! The troll bites you but does no damage.
You block the troll's attack. The troll claws you but does no damage.
Unknown command.
You hit Harold. You burn Harold.
Harold is lightly wounded.
You completely miss the troll.
Harold points at you and mumbles some strange words.
The bolt of fire hits you!
You die...

...........#....##.....##...#....
######'#####....#.......#...#...}
#.....##....#....#..#...#....
#.....##....'....#..#...'....
#.....##....#....#..#...#....
#.....##....#.......#...#....
#..##########.......#..##....
#####..#........@####'###..#.....
.......#..# #...@T.........#.....
.......#.[# #..(.#.........#.....
..<....#..###....#.........# ####
.......#..)...(((###########
###'####.............
......................
......................
....................#.
....##.......>......#


You could see Harold and a troll.

Vanquished Creatures
  Erolcha (D:10)
  A two-headed ogre (D:10)
  The ghost of Gargoyl the Envoy of Void, a novice CeAK of Lugonu (D:7)
  The ghost of LevaFresel the Chopper, a novice HuFi of Makhleb (D:5)
  The ghost of Hopman the Destroyer, a novice TeCj of Sif Muna (D:8)
  A komodo dragon (D:10)
  2 trolls (D:9)
  Grinder (D:5)
  A hippogriff (D:9)
  A spriggan (D:7)
  9 yaks
  A hungry ghost (D:7)
  A water moccasin (D:9)
  2 orc warriors
  3 sky beasts
  A phantom (D:9)
  2 black bears
  2 necrophages (D:7)
  The ghost of raetorn the Charmwright, an amateur GnSk of Cheibriados (D:4)
  6 ogres
  8 centaurs
  A big kobold (D:7)
  5 bullfrogs
  A gnoll sergeant (D:6)
  2 wyvern zombies
  A water moccasin zombie (Ossuary)
  4 scorpions
  9 killer bees (D:8)
  3 howler monkeys
  3 wights (D:10)
  2 electric eels (D:6)
  5 crimson imps
  3 centaur zombies
  5 bullfrog zombies
  A quasit (D:9)
  3 jellies
  2 orc priests (D:4)
  6 hounds
  8 orc wizards
  A centaur skeleton (D:4)
  6 iguanas
  12 worker ants
  A killer bee zombie (Ossuary)
  A hound zombie (D:8)
  2 howler monkey zombies
  15 mummies (Ossuary)
  Robin (D:3)
  2 worker ant zombies (Ossuary)
  9 adders
  5 gnolls
  2 shadow imps
  5 oozes
  5 adder zombies
  An adder skeleton (D:9)
  A worm (D:3)
  4 dart slugs
  8 leopard geckos
  13 orcs
  6 bats
  11 giant cockroaches
  9 hobgoblins
  11 jackals
  A quokka (D:7)
  2 ball pythons (D:2)
  3 frilled lizards
  4 giant cockroach zombies (Ossuary)
  14 goblins
  A jackal zombie (D:6)
  14 kobolds
  A leopard gecko skeleton (D:4)
  A quokka zombie (Ossuary)
  10 rats
  A spectral orc (D:8)
  A butterfly (D:9)
295 creatures vanquished.

Vanquished Creatures (others)
  A plant (D:6)
  2 withered plants (Ossuary)
3 creatures vanquished.

Grand Total: 298 creatures vanquished

Notes
Turn   | Place    | Note
-------+----------+-------------------------------------------
     0 | Abyss:1  | Gargoyl the Centaur Abyssal Knight began the quest for the Orb.
     0 | Abyss:1  | Reached XP level 1. HP: 19/19 MP: 2/2
    71 | Abyss:1  | Noticed a small abomination
    72 | D:1      | Escaped the Abyss
   185 | D:1      | Reached * piety under Lugonu
   185 | D:1      | Reached XP level 2. HP: 19/26 MP: 3/3
   700 | D:1      | Reached XP level 3. HP: 30/31 MP: 4/4
  1304 | D:1      | Reached skill level 2 in Axes
  1913 | D:2      | Reached XP level 4. HP: 40/40 MP: 6/6
  1932 | D:2      | Found an iron altar of Okawaru.
  2026 | D:2      | Reached ** piety under Lugonu
  2515 | D:3      | Reached skill level 1 in Dodging
  2698 | D:3      | Noticed Robin
  2717 | D:3      | Killed Robin
  2831 | D:3      | Reached XP level 5. HP: 43/46 MP: 7/7
  3694 | D:4      | Reached skill level 3 in Axes
  3821 | D:4      | Reached *** piety under Lugonu
  3822 | D:4      | Reached XP level 6. HP: 39/52 MP: 8/8
  3954 | D:4      | Reached skill level 4 in Axes
  4010 | D:4      | Noticed raetorn's ghost (amateur GnSk)
  4051 | D:4      | Killed raetorn's ghost
  4336 | D:4      | Reached XP level 7. HP: 59/59 MP: 9/9
  4621 | D:5      | Entered Level 5 of the Dungeon
  4807 | D:5      | Noticed Grinder
  4810 | D:5      | Paralysed by Grinder for 4 turns
  4857 | D:4      | Reached **** piety under Lugonu
  4868 | D:4      | Reached skill level 5 in Axes
  5009 | D:5      | Killed Grinder
  5009 | D:5      | Reached skill level 1 in Shields
  5009 | D:5      | Reached XP level 8. HP: 64/67 MP: 11/11
  5207 | D:5      | Noticed LevaFresel's ghost (novice HuFi)
  5245 | D:5      | Killed LevaFresel's ghost
  5245 | D:5      | Reached skill level 6 in Axes
  5245 | D:5      | Reached skill level 5 in Invocations
  5985 | D:6      | Found a sand-covered staircase.
  6006 | D:6      | Reached XP level 9. HP: 53/73 MP: 13/13
  6026 | D:6      | Reached skill level 5 in Armour
  6130 | D:6      | Reached skill level 5 in Fighting
  6358 | Ossuary  | Entered an ossuary
  6765 | Ossuary  | Reached skill level 1 in Throwing
  6798 | Ossuary  | Reached skill level 7 in Axes
  6830 | Ossuary  | Reached ***** piety under Lugonu
  7291 | D:6      | Found a staircase to the Ecumenical Temple.
  7911 | D:7      | Found Aptoshreimi's General Store.
  7975 | D:7      | Reached skill level 8 in Axes
  8123 | D:7      | Found a basalt altar of Yredelemnul.
  8165 | D:7      | Found a glowing golden altar of the Shining One.
  8165 | D:7      | Found a runed door.
  8165 | D:7      | Noticed an angel
  8192 | D:7      | Noticed Gargoyl's ghost (novice CeAK)
  8241 | D:7      | Killed Gargoyl's ghost
  8241 | D:7      | Reached XP level 10. HP: 35/81 MP: 14/14
  8468 | D:7      | Found an ancient bone altar of Kikubaaqudgha.
  8469 | D:7      | Found a snail-covered altar of Cheibriados.
  9277 | D:8      | Noticed Hopman's ghost (novice TeCj)
  9305 | D:8      | Killed Hopman's ghost
  9535 | D:8      | Reached skill level 9 in Axes
  9653 | D:8      | Found a basalt altar of Yredelemnul.
 10467 | D:9      | Found Toquesae's Assorted Antiques.
 10474 | D:9      | Bought a potion of curing for 96 gold pieces
 10474 | D:9      | Bought a potion of heal wounds for 160 gold pieces
 11221 | D:9      | Reached XP level 11. HP: 79/91 MP: 16/16
 11423 | D:9      | Found an ornate altar of the Wu Jian Council.
 11446 | D:9      | Found a shimmering altar of Xom.
 11791 | D:10     | Entered Level 10 of the Dungeon
 11889 | D:10     | Found a portal to a secret trove of treasure.
 11897 | D:10     | Found Viututh's Jewellery Shoppe.
 11898 | D:10     | Noticed Erolcha
 11914 | D:10     | Killed Erolcha
 12686 | D:10     | Noticed Harold
 13131 | D:10     | Reached ****** piety under Lugonu
 13155 | D:10     | Noticed a two-headed ogre
 13168 | D:10     | Killed a two-headed ogre
 13168 | D:10     | Reached skill level 10 in Axes
 13281 | D:10     | Killed from afar by Harold

Skill      XL: |  1  2  3  4  5  6  7  8  9 10 11 |
---------------+----------------------------------+-----
Axes           | 2 3 4 5 6 8 9 10 | 10.0
Armour         | 2 3 4 6 7 |  7.9
Dodging        | 1 2 |  2.4
Invocations    | 3 4 5 6 7 8 |  8.4
Fighting       | 4 5 6 |  6.7
Shields        | 1 2 |  2.7
Throwing       | 1 2 |  2.0

Action                   |  1- 3 |  4- 6 |  7- 9 | 10-12 || total
-------------------------+-------+-------+-------+-------++-------
Melee: Hand axe          |    84 |   174 |   415 |   356 ||  1029
       Kick              |    17 |    31 |   135 |   116 ||   299
Throw: Tomahawk          |       |       |    22 |     5 ||    27
Invok: Depart the Abyss  |     1 |       |       |       ||     1
  Use: Scroll            |     6 |     1 |     9 |    11 ||    27
       Potion            |     2 |     1 |     5 |     1 ||     9
 Stab: Invisible         |       |       |     2 |       ||     2
  Eat: Chunk             |     1 |     5 |     1 |    10 ||    17
       Ration            |       |     1 |     3 |     1 ||     5
Armor: Leather armour    |    23 |       |       |       ||    23
       Chain mail        |    40 |   157 |   293 |   186 ||   676
       Plate armour      |       |       |       |   153 ||   153
Dodge: Dodged            |    40 |    33 |    56 |    58 ||   187
Block: Buckler           |     3 |    21 |    59 |    72 ||   155
